 Dungeon Crawl Stone Soup version 0.26-a0-466-g989023bd0d (webtiles) character file.

Game seed: 507614775346306207

37 vurker the Chucker (level 3, 0/31 HPs)
             Began as a Minotaur Hunter on Aug 11, 2020.
             Succumbed to an adder's poison
             ... on level 2 of the Dungeon.
             The game lasted 00:01:01 (1087 turns).

vurker the Chucker (Minotaur Hunter)                Turns: 1087, Time: 00:01:01

Health: 0/31       AC:  5    Str: 17    XL:     3   Next: 23%
Magic:  2/2        EV: 11    Int:  8    God:
Gold:   31         SH:  0    Dex: 10    Spells: 2/2 levels left

rFire    . . .     SeeInvis .   a - +0 short sword
rCold    + . .     Faith    .   (no shield)
rNeg     . . .     Spirit   .   i - +0 ring mail {rC+}
rPois    .         Reflect  .   (helmet restricted)
rElec    .         Harm     .   (no cloak)
rCorr    .                      (no gloves)
MR       .....                  (no boots)
Stlth    +.........             (no amulet)
HPRegen  0.10/turn              (no ring)
MPRegen  0.08/turn              (no ring)

@: lethally poisoned (0 -> -5)
A: retaliatory headbutt, horns 2
a: no special abilities


You were on level 2 of the Dungeon.
You visited 1 branch of the dungeon, and saw 2 of its levels.

You collected 31 gold pieces.

Inventory:

Hand Weapons
 a - a +0 short sword (weapon)
Missiles
 c - 6 javelins (quivered)
 d - 2 throwing nets
Armour
 i - a +0 ring mail of cold resistance (worn)
   (You found it on level 1 of the Dungeon)
Scrolls
 e - a scroll of magic mapping {unknown}
 f - a scroll of teleportation {unknown}
 g - a scroll of identify {unknown}
 h - a scroll of enchant armour {unknown}


   Skills:
 + Level 3.6 Fighting
 + Level 4.6 Throwing
 - Level 2.1 Dodging
 - Level 0.7 Stealth


You had 2 spell levels left.
You didn't know any spells.
Your spell library was empty.

Dungeon Overview and Level Annotations

Branches:
Dungeon (2/15)

Altars:


Innate Abilities, Weirdness & Mutations

You reflexively headbutt those who attack you in melee.
You have a pair of horns on your head.


Message History

You miss the adder. The adder bites you but does no damage.
The adder bites you.
You hit the adder. Your headbutt misses the adder.
The adder bites you but does no damage.
You closely miss the adder. The adder bites you.
You hit the adder. Your headbutt misses the adder. The adder bites you.
You are poisoned.
The adder poisons you! The adder barely misses you.
You hit the adder.
You feel sick. The adder barely misses you.
You miss the adder. Your headbutt misses the adder. The adder bites you.
You are more poisoned.
The adder poisons you! The adder bites you but does no damage.
You closely miss the adder.
You feel sick. The adder bites you.
* * * LOW HITPOINT WARNING * * *
You hit the adder but do no damage.
You feel sick. The adder bites you but does no damage.
Unknown command.
Unknown command.
You closely miss the adder. The adder bites you.
* * * LOW HITPOINT WARNING * * *
You are lethally poisoned!
The adder poisons you! The adder bites you.
* * * LOW HITPOINT WARNING * * *
Your ring mail prevents you from hitting the adder.
* * * LOW HITPOINT WARNING * * *
You feel sick. The adder bites you.
* * * LOW HITPOINT WARNING * * *
Unknown command.
You aren't carrying any potions.
You hit the adder.
You kill the adder!
You have reached level 3!
Your experience leads to an increase in your attributes!
Increase (S)trength, (I)ntelligence, or (D)exterity?
You feel stronger.
* * * LOW HITPOINT WARNING * * *
You feel sick.
* * * LOW HITPOINT WARNING * * *
You feel sick.
* * * LOW HITPOINT WARNING * * *
You feel sick.
* * * LOW HITPOINT WARNING * * *
You feel sick.
* * * LOW HITPOINT WARNING * * *
You feel sick.
A bat comes into view.
* * * LOW HITPOINT WARNING * * *
You feel sick.
You closely miss the bat. Your headbutt misses the bat.
You die...

..(.....#..#.###
...........#.########
.........)##........#
...........#........# ######
...........#........# #.....
...........#........###.....
.......#...######.###.......
.......##...# #.# #.#.....
....... #..@# #.# #.#.....
...........b# #.# #.#.####
.......##8..8 #.# #.#..(..
##... #.....⌠ #.# #.######
.. ###..### #.# #.# . ....
#.# #.# #..# #.# #.# ....
#.# #.# #.# #.#


You could see a bat.

Vanquished Creatures
  An adder (D:2)
  An ooze (D:1)
  A leopard gecko (D:1)
  7 goblins
  3 hobgoblins (D:1)
  2 bats (D:1)
  3 frilled lizards
  3 kobolds (D:1)
  A rat (D:1)
22 creatures vanquished.

Notes
Turn   | Place    | Note
-------+----------+-------------------------------------------
     0 | D:1      | vurker the Minotaur Hunter began the quest for the Orb.
     0 | D:1      | Reached XP level 1. HP: 18/18 MP: 0/0
   458 | D:1      | Reached XP level 2. HP: 26/26 MP: 1/1
  1079 | D:2      | Reached XP level 3. HP: 6/31 MP: 2/2
  1086 | D:2      | HP: 1/31 [poisoned by an adder]
  1087 | D:2      | Succumbed to an adder's poison

Illustrated notes

Levels and vault maps discovered:
D:1:      dpeg_arrival_fog, layout_loops_ring
D:2:      layout_basic, minitemple

Skill      XL: |  1 |
---------------+----+-----
Fighting       | 3 |  3.6
Throwing       | |  4.6
Dodging        | |  2.1
Stealth        | |  0.7

Action                   || total
-------------------------++-------
Melee: Short sword       ||    61
       Headbutt          ||     8
 Stab: Sleeping          ||     1
Armor: Leather armour    ||     3
       Ring mail         ||    13
Dodge: Dodged            ||    26

Table legend: (Time is in decaauts)
 A = Elapsed time spent in this place.
 B = Non-inter-level travel time spent in this place.
 C = Inter-level travel time spent in this place.
 D = Time resting spent in this place.
 E = Time spent auto-exploring this place.
 F = Levels seen in this place.
 G = Mean time per level.
                   A        B        C        D        E       F      G
               +--------+--------+--------+--------+--------+-----+--------+
         Total |   1092 |   1062 |     30 |      0 |    909 |   2 |  546.0 |
       Dungeon |   1092 |   1062 |     30 |      0 |    909 |   2 |  546.0 |
               +--------+--------+--------+--------+--------+-----+--------+

Top non-repeatable levels by time:
     D:1: 974 daAuts
     D:2: 118 daAuts
